 Dungeon Crawl Stone Soup version 0.19.1 (webtiles) character file.

117 Dfrag the Conjurer (level 5, 0/42 HPs)
             Began as a Naga Conjurer on Dec 20, 2016.
             Was an Initiate of Vehumet.
             Slain by Grinder (2 damage)
             ... on level 3 of the Dungeon.
             The game lasted 00:04:18 (1549 turns).

Dfrag the Conjurer (Naga Conjurer)                  Turns: 1549, Time: 00:04:19

Health: 0/42       AC:  5    Str: 10    XL:     5   Next: 1%
Magic:  10/10      EV: 10    Int: 16    God:    Vehumet [......]
Gold:   165        SH:  0    Dex: 12    Spells: 2 memorised, 8 levels left

rFire  . . .     SeeInvis +     j - +0 dagger (speed)
rCold  . . .     Gourm    .     a - +0 robe
rNeg   . . .     Faith    .     (no shield)
rPois  +         Spirit   .     g - +0 helmet
rElec  .         Reflect  .     t - +0 cloak
rCorr  .         Harm     +     l - +0 pair of gloves
MR     .....                    (no barding)
Stlth  ++........               i - amulet of harm (curse)
                                (no ring)
                                (no ring)

@: very slow
A: see invisible, deformed body, poison resistance, slowness 2, slow metabolism
1, spit poison 1, AC +1
a: Spit Poison, Renounce Religion


You were on level 3 of the Dungeon.
You worshipped Vehumet.
Vehumet was noncommittal.
You were hungry.

You visited 1 branch of the dungeon, and saw 3 of its levels.

You collected 165 gold pieces.

Inventory:

Hand Weapons
 j - a +0 dagger of speed (weapon)
Armour
 a - a +0 robe (worn)
 g - a +0 helmet (worn)
 l - a +0 pair of gloves (worn)
 t - a +0 cloak (worn)
Jewellery
 i - a cursed amulet of harm (around neck)
 r - an uncursed amulet of faith {unknown}
Scrolls
 d - 4 scrolls of identify {unknown}
 e - 2 scrolls of remove curse {unknown}
 h - 2 scrolls of blinking {unknown}
 k - a scroll of fog {unknown}
 v - a scroll of immolation {unknown}
Potions
 m - a potion of resistance {unknown}
 o - a potion of mutation {unknown}
 p - a potion of lignification {unknown}
 q - a potion of flight {unknown}
Books
 b - a book of Conjurations

   Spells                             Type                      Level
   a - Magic Dart                     Conjuration                  1
   b - Searing Ray                    Conjuration                  2
   c - Dazzling Spray                 Conjuration/Hexes            3
   d - Fulminant Prism                Conjuration/Hexes            4
   e - Iskenderun's Mystic Blast      Conjuration                  4
   f - Iskenderun's Battlesphere      Conjuration/Charms           5
 n - a book of Minor Magic

   Spells                             Type                      Level
   a - Magic Dart                     Conjuration                  1
   b - Blink                          Translocation                2
   c - Call Imp                       Summoning                    2
   d - Repel Missiles                 Charms/Air                   2
   e - Slow                           Hexes                        2
   f - Conjure Flame                  Conjuration/Fire             3
   g - Mephitic Cloud                 Conjuration/Poison/Air       3
 w - a book of Changes

   Spells                             Type                      Level
   a - Beastly Appendage              Transmutation                1
   b - Sticks to Snakes               Transmutation                2
   c - Spider Form                    Transmutation/Poison         3
   d - Ice Form                       Ice/Transmutation            4
   e - Blade Hands                    Transmutation                5
Comestibles
 c - 3 bread rations
 u - a meat ration


   Skills:
 - Level 1.5 Dodging
 - Level 3.0 Stealth
 * Level 3.8 Spellcasting
 + Level 4.8 Conjurations


You had 8 spell levels left.
You knew the following spells:

 Your Spells              Type           Power        Failure   Level  Hunger
a - Magic Dart            Conj           ###.         2%          1    None
b - Searing Ray           Conj           ###...       4%          2    ##.....


Dungeon Overview and Level Annotations

Branches:
Dungeon (3/15)

Altars:
Cheibriados
Gozag
Hepliaklqana
Qazlal
Sif Muna
Vehumet
Xom
The Shining One

Annotations:
D:3 Grinder


Innate Abilities, Weirdness & Mutations

You cannot wear boots.
Your serpentine skin is tough. (AC +1)
You have supernaturally acute eyesight. (SInv)
Armour fits poorly on your strangely shaped body.
Your system is resistant to poisons. (rPois)
You cover ground very slowly.
You have a slow metabolism.
You can spit poison.


Message History

Aiming: Searing Ray
Press: ? - help, Shift-Dir - straight line, f/p - Grinder
Aim: Grinder (moderately wounded)
The searing ray hits Grinder.
Grinder is heavily wounded.
Grinder barely misses you.
The searing ray hits Grinder.
Grinder is heavily wounded.
Grinder barely misses you.
The searing ray misses Grinder.
Grinder gestures at you. Pain shoots through your body!
* * * LOW HITPOINT WARNING * * *
Unknown command.
The searing ray hits Grinder.
Grinder is severely wounded.
You finish channeling your searing ray.
Grinder closely misses you.
Unknown command.
It was a potion of magic.
Magic courses through your body. Grinder hits you.
You die...

##.####.##.#####
##...##.#.#.# #..
#..#.##.##..# #.#
#....###)#### #.#
#.#### ##.# ###.#
#.# #.###....
##.#######.#..._..
#..........#......
#@.######.).).....
#5.# ###._..⌠..
#..# #....... #..#
##._..._ #..#
#...... #..#
#...... # #..#
#.#....
....####..#####
#.#####
............†.#
#.#


You could see Grinder.

Vanquished Creatures
  Crazy Yiuf (D:2)
  Jessica (D:2)
  An adder (D:2)
  An ooze (D:2)
  3 worms (D:2)
  2 dart slugs
  An orc (D:3)
  A ball python (D:2)
  3 giant cockroaches
  2 hobgoblins
  3 jackals (D:1)
  2 bats
  5 frilled lizards
  2 goblins
  7 kobolds
  5 rats
40 creatures vanquished.

Notes
Turn   | Place    | Note
-------+----------+-------------------------------------------
     0 | D:1      | Dfrag the Naga Conjurer began the quest for the Orb.
     0 | D:1      | Reached XP level 1. HP: 15/15 MP: 3/3
   333 | D:1      | Reached XP level 2. HP: 16/22 MP: 5/5
   334 | D:1      | Found a shimmering altar of Xom.
   448 | D:1      | Learned a level 2 spell: Searing Ray
   582 | D:2      | Reached XP level 3. HP: 20/28 MP: 5/7
   670 | D:2      | Noticed Jessica
   674 | D:2      | Killed Jessica
   674 | D:2      | Reached XP level 4. HP: 33/36 MP: 4/8
   869 | D:2      | Found a glowing golden altar of the Shining One.
   942 | D:2      | Found a runed door.
  1043 | D:2      | Noticed Crazy Yiuf
  1047 | D:2      | Killed Crazy Yiuf
  1180 | D:3      | Found a radiant altar of Vehumet.
  1183 | D:3      | Found a stormy altar of Qazlal.
  1184 | D:3      | Found a deep blue altar of Sif Muna.
  1194 | D:3      | Found a snail-covered altar of Cheibriados.
  1196 | D:3      | Found a hazy altar of Hepliaklqana.
  1201 | D:3      | Became a worshipper of Vehumet
  1430 | D:3      | Reached XP level 5. HP: 38/42 MP: 10/10
  1494 | D:3      | Found an opulent altar of Gozag.
  1531 | D:3      | Noticed Grinder
  1547 | D:3      | HP: 2/42 [Grinder/nerve-wracking pain (14)]
  1549 | D:3      | Slain by Grinder

Skill      XL: |  1  2  3 |
---------------+----------+-----
Spellcasting   | 3 |  3.8
Dodging        | |  1.5
Stealth        | |  3.0
Conjurations   | |  4.8

Action                   |  1- 3 |  4- 6 || total
-------------------------+-------+-------++-------
Melee: Dagger            |    40 |    50 ||    90
 Cast: Magic Dart        |    14 |    19 ||    33
       Searing Ray       |     1 |     5 ||     6
 Abil: Spit Poison       |     8 |    11 ||    19
  Use: Potion            |       |     1 ||     1
 Stab: Sleeping          |       |     1 ||     1
  Eat: Beef jerky        |       |     1 ||     1
       Chunk             |       |     1 ||     1
Armor: Robe              |     9 |    14 ||    23
Dodge: Dodged            |    19 |    22 ||    41
